 Dungeon Crawl Stone Soup version 0.29-a0-337-g68df138881 (webtiles) character file.

Game seed: 12446256921034742390

18 enile the Digger (level 2, -1/19 HPs)
             Began as an Octopode Earth Elementalist on Apr 17, 2022.
             Was a Follower of Fedhas.
             Slain by an adder (3 damage)
             ... on level 2 of the Dungeon.
             The game lasted 00:01:32 (1465 turns).

enile the Digger (Octopode Earth Elementalist)      Turns: 1465, Time: 00:01:32

Health: -1/19      AC:  1    Str:  7    XL:     2   Next: 70%
Magic:  5/5        EV: 12    Int: 23    God:    Fedhas [*.....]
Gold:   44         SH:  3    Dex: 12    Spells: 2/5 levels left

rFire   + . .      SeeInvis .   j - +1 mace (venom)
rCold   + . .      Faith    .   c - +0 buckler
rNeg    . . .      Spirit   .   (helmet restricted)
rPois   +          Reflect  .   (no amulet)
rElec   +          Harm     .   g - +6 ring of intelligence
rCorr   +          Rampage  .   (no ring)
Will    .....                   (no ring)
Stlth   +++.......              (no ring)
HPRegen 0.06/turn               (no ring)
MPRegen 0.09/turn               (no ring)
                                (no ring)
                                (no ring)

@: lethally poisoned (-1 -> -16), resistant
A: almost no armour, amphibious, 8 rings, camouflage 1, gelatinous body 1,
(nimble swimmer 1), tentacles
a: Renounce Religion


You were on level 2 of the Dungeon.
You worshipped Fedhas.
Fedhas was aware of your devotion.
You visited 1 branch of the dungeon, and saw 2 of its levels.

You collected 44 gold pieces.

Inventory:

Hand Weapons
 j - a +1 mace of venom (weapon)
Missiles
 a - 74 stones
Armour
 c - a +0 buckler (worn)
Jewellery
 g - a +6 ring of intelligence (left tentacle)
Scrolls
 d - a scroll of teleportation {unknown}
 f - 3 scrolls of identify {unknown}
 h - 3 scrolls of holy word {unknown}
 i - a scroll of enchant weapon {unknown}
Potions
 b - 2 potions of magic


   Skills:
 - Level 2.0 Fighting
 - Level 2.0 Dodging
 - Level 2.6 Stealth
 + Level 0.8 Shields
 - Level 2.0 Spellcasting
 - Level 1.0 Transmutations
 - Level 3.0 Earth Magic


You had 2 spell levels left.
You knew the following spells:

 Your Spells              Type           Power      Damage    Failure   Level
a - Sandblast             Erth           32%        2d9       4%          1
b - Passwall              Tmut/Erth      9%         N/A       12%         2

Your spell library contained the following spells:

 Spells                   Type           Power      Damage    Failure   Level
 Stone Arrow              Conj/Erth      18%        3d8       28%         3
 Petrify                  Tmut/Erth      11%        N/A       58%         4


Dungeon Overview and Level Annotations

Branches:
Dungeon (2/15)

Altars:
Fedhas

Shops:
D:1 *


Innate Abilities, Weirdness & Mutations

You cannot wear most types of armour.
You are amphibious.
You can wear up to eight rings at the same time.
Your skin changes colour to match your surroundings (Stealth+).
Your rubbery body absorbs attacks. (AC +1, EV +1)
((You are camouflaged when in or above water. (Stealth+)))
You have tentacles for arms and can constrict up to eight enemies at once.


Message History

An adder is nearby!
Memorise Passwall, consuming 2 spell levels and leaving 2?
You start memorising the spell.
You continue memorising. x2
The adder hisses angrily.
You hear a shout!
You finish memorising.
Spell assigned to 'b'.
You closely miss the adder. Your grab misses the adder.
Your squeeze misses the adder. The adder bites you.
You are poisoned.
The adder poisons you!
You closely miss the adder. Your grab misses the adder.
You feel very sick. The adder bites you.
You are lethally poisoned!
The adder poisons you!
A hobgoblin comes into view.
The adder bites you.
You are more poisoned.
The adder poisons you!
You are too injured to fight recklessly!
Okay, then.
You are lethally poisoned (8 -> -11).
You have 4 tentacles available for constriction.
Your movement speed is average.
Your attack delay is about 1.4.
Your base attributes are Str 7, Int 17, Dex 12.
You are lethally poisoned (8 -> -11).
You have 4 tentacles available for constriction.
Your movement speed is average.
Your attack delay is about 1.4.
Your base attributes are Str 7, Int 17, Dex 12.
Unknown command.
Okay, then.
There is a lethal amount of poison in your body!
It was a potion of resistance.
You feel protected.
* * * LOW HITPOINT WARNING * * *
You feel very sick. The adder bites you.
* * * LOW HITPOINT WARNING * * *
The adder bites you.
You die...
Fedhas appreciates your contribution to the ecosystem.

######### ####
#.......####...
#.#..........##
#..............
#..............
#..####.....#.<
####..........>...
#....#####.##.....
#@#### #.[.....#
#.Sg.# #####†.)#
####.# #...# #
#......# #.##.#.#
.. ....# #.# #....
# #####


You could see an adder and a hobgoblin.

Vanquished Creatures
  4 endoplasms
  3 hobgoblins
  A ball python (D:1)
  2 goblins (D:1)
  5 kobolds (D:1)
  A rat (D:1)
16 creatures vanquished.

Notes
Turn   | Place    | Note
-------+----------+-------------------------------------------
     0 | D:1      | enile the Octopode Earth Elementalist began the quest for
                  | the Orb.
     0 | D:1      | Reached XP level 1. HP: 11/11 MP: 3/3
    96 | D:1      | Found Cieqogequo's Assorted Antiques.
   387 | D:1      | Reached skill level 1 in Fighting
   442 | D:1      | Reached XP level 2. HP: 18/18 MP: 3/5
   656 | D:1      | Found a faded altar of an unknown god.
  1053 | D:1      | Prayed at the altar of an unknown god.
  1053 | D:1      | Became a worshipper of Fedhas Madash
  1053 | D:1      | Reached * piety under Fedhas
  1463 | D:2      | Learned a level 2 spell: Passwall
  1465 | D:2      | Slain by an adder

Illustrated notes

Levels and vault maps discovered:
D:1:      dpeg_arrival_boxorama, layout_basic,
          hellmonk_ecumenical_altar_inner_sanctum, serial_shops,
          nicolae_shop_crystal
D:2:      layout_basic, uniq_natasha

Skill      XL: |  1  2 |
---------------+-------+-----
Fighting       | 1 2 |  2.0
Dodging        | |  2.0
Stealth        | |  2.6
Shields        | |  0.8
Spellcasting   | |  2.0
Transmutations | |  1.0
Earth Magic    | |  3.0

Action                   || total
-------------------------++-------
Melee: Unarmed           ||    13
       Constrict         ||     4
       Mace              ||     7
       Tentacles         ||     3
 Cast: Sandblast         ||    10
  Use: Potion            ||     1
 Stab: Sleeping          ||     1
Dodge: Dodged            ||     6
Block: Buckler           ||     4

Table legend: (Time is in decaauts)
 A = Elapsed time spent in this place.
 B = Non-inter-level travel time spent in this place.
 C = Inter-level travel time spent in this place.
 D = Time resting spent in this place.
 E = Time spent auto-exploring this place.
 F = Levels seen in this place.
 G = Mean time per level.
                   A        B        C        D        E       F      G
               +--------+--------+--------+--------+--------+-----+--------+
         Total |   1467 |   1315 |    152 |      0 |   1190 |   2 |  733.5 |
       Dungeon |   1467 |   1315 |    152 |      0 |   1190 |   2 |  733.5 |
               +--------+--------+--------+--------+--------+-----+--------+

Top non-repeatable levels by time:
     D:1: 1318 daAuts
     D:2: 148 daAuts
